cohdb
Replays
Latest Replays
All Replays
Popular Replays
Top Player Replays
Match Explorer
How It Works
Community
CoH3 Stats
Reddit
Sign in to upload your games and track your stats! →
Sign in with Steam
Match 46900285
Unlisted
Match 46900285
Overview
Messages
Build Orders
End
Selects Australian Defense Battlegroup
Selects Australian Light Infantry Section
Australian Light Infantry Section
Construct Section Command Post
Dingo Light Scout Car
Infantry Section
Infantry Section
Selects 2-pounder Anti-tank Gun Team
2-pounder Anti-tank Gun Team
Construct Platoon Command Post
Unlock M3 Stuart Light Tanks
M3 Stuart Light Tank
Infantry Section
Infantry Training
Unlock Bishop Self-propelled Artillery
Selects Vehicle Over Repair
Bishop Self-propelled Artillery
RtN.momo4sho
Havoc
[BPX] Kronosaur0s
NotQuiteAKing
0
0
Comments
sign in to comment!
No comments posted yet!